 Dungeon Crawl Stone Soup version 0.32-a0-960-g3814254bd7 (webtiles) character file.

Game seed: 9091694532936458245

417 trashops the Chopper (level 6, -8/53 HPs)
             Began as a Mountain Dwarf Fighter on Apr 17, 2024.
             Killed from afar by a white imp (9 damage)
             ... with a puff of frost
             ... on level 4 of the Dungeon.
             The game lasted 00:04:46 (2588 turns).

trashops the Chopper (Mountain Dwarf Fighter)       Turns: 2588, Time: 00:04:47

Health: -8/53      AC:  8    Str: 18 (20) XL:     6   Next: 61%
Magic:  6/6        EV:  8    Int:  6 (9)  God:
Gold:   195        SH:  4    Dex:  7 (9)  Spells: 5/5 levels left

rFire   . . .        a - +0 war axe
rCold   . . .        c - +0 buckler
rNeg    . . .        b - +0 scale mail
rPois   .            (no helmet)
rElec   .            l - +0 cloak
rCorr   .            (no gloves)
SInv    .            (no boots)
Will    +....        (no amulet) Stlth
                     (no ring)
HPRegen 0.28/turn    (no ring)
MPRegen 0.10/turn

%: no passive effects
@: no status effects
A: runic magic, artefact enchanting, strong-willed 1
a: no special abilities


You were on level 4 of the Dungeon.
You visited 1 branch of the dungeon, and saw 4 of its levels.

You collected 195 gold pieces.

Inventory:

Hand Weapons
 a - a +0 war axe (weapon)
Armour
 b - a +0 scale mail (worn)
 c - a +0 buckler (worn)
 l - a +0 cloak (worn)
Jewellery
 q - an amulet of reflection
Wands
 d - a wand of flame (17)
 p - a wand of digging (6)
Scrolls
 e - a scroll of poison {unknown}
 h - 4 scrolls of teleportation
 i - a scroll of fog
 j - 2 scrolls of revelation
 n - 2 scrolls of identify
Potions
 f - a potion of attraction {unknown}
 k - a potion of mutation


   Skills:
 * Level 4.6 Fighting
 * Level 6.4 Axes
 * Level 4.7 Armour
 + Level 3.8 Shields


You had 5 spell levels left.
You didn't know any spells.
Your spell library contained the following spells:

 Spells                   Type           Power      Damage    Failure   Level
 Blink                    Tloc           0%         N/A       77%         2
 Jinxbite                 Hex            0%         N/A       77%         2
 Lesser Beckoning         Tloc           0%         N/A       77%         2
 Momentum Strike          Conj/Tloc      0%         3d8       77%         2
 Dazzling Flash           Conj/Hex       0%         N/A       94%         3
 Mephitic Cloud           Conj/Alch/Air  0%         N/A       94%         3
 Sigil of Binding         Hex            0%         N/A       94%         3
 Anguish                  Hex/Necr       0%         N/A       100%        4
 Cause Fear               Hex            0%         N/A       100%        4
 Silence                  Hex/Air        0%         N/A       100%        5
 Yara's Violent Unravell  Hex/Alch       0%         3d3       100%        5
 Enfeeble                 Hex            0%         N/A       100%        7


Dungeon Overview and Level Annotations

Branches:
Dungeon (4/15)
 Temple: D:4-7

Altars:


Innate Abilities, Weirdness & Mutations

Your spellcasting is much less encumbered by armour.
You can use scrolls of enchantment on lesser artefacts.
You are strong-willed. (Will+)


Message History

You barely miss the gnoll.
The gnoll is moderately wounded.
The gnoll completely misses you.
You barely miss the gnoll.
The gnoll is moderately wounded.
The gnoll hits you with a +0 whip.
* * * LOW HITPOINT WARNING * * *
You closely miss the gnoll.
The gnoll is moderately wounded.
The gnoll hits you but does no damage. You block the gnoll's attack.
You closely miss the gnoll.
The gnoll is moderately wounded.
The gnoll closely misses you.
You slash the gnoll!
You kill the gnoll!
The white imp gestures at you. The puff of frost hits you.
* * * LOW HITPOINT WARNING * * *
Found 12 gold pieces.
The white imp barely misses you.
Items here: ))) ††.
You hit the white imp.
The white imp is moderately wounded.
The white imp gestures at you. The puff of frost misses you.
You closely miss the white imp.
The white imp is moderately wounded.
The white imp gestures at you. The puff of frost hits you.
* * * LOW HITPOINT WARNING * * *
The white imp barely misses you.
You closely miss the white imp.
The white imp is moderately wounded.
The white imp gestures at you. The puff of frost hits you.
* * * LOW HITPOINT WARNING * * *
You slash the white imp!
The white imp is almost dead.
The white imp gestures at you. The puff of frost hits you!
You die...

######..#.#
........#<###+#####
######...##........
...................
##########.........
#..#+#### #..#.#
##..)#######.#
#....)@5....#
#.#####.##### #.#
..# #$# #.# #.# ..
#.# ##. #. $. #.


You could see a white imp.

Vanquished Creatures
  An orc priest (D:3)
  A gnoll bouda (D:4)
  Crazy Yiuf (D:2)
  Jessica (D:3)
  Terence (D:3)
  An orc wizard (D:3)
  12 gnolls
  6 adders
  2 dart slugs
  5 orcs (D:3)
  3 ball pythons
  A bat (D:1)
  7 endoplasms
  2 giant cockroaches
  14 goblins
  10 hobgoblins
  3 kobolds
  6 frilled lizards
  4 rats
81 creatures vanquished.

Notes
Turn   | Place    | Note
-------+----------+-------------------------------------------
     0 | D:1      | trashops the Mountain Dwarf Fighter began the quest for the
                  | Orb.
     0 | D:1      | Reached XP level 1. HP: 19/19 MP: 1/1
   173 | D:1      | Reached XP level 2. HP: 24/26 MP: 2/2
   715 | D:2      | Reached skill level 3 in Axes
   715 | D:2      | Reached XP level 3. HP: 22/33 MP: 3/3
   728 | D:2      | Reached XP level 4. HP: 16/40 MP: 4/4
   843 | D:2      | Reached skill level 4 in Axes
   953 | D:2      | Noticed Jessica
   970 | D:3      | Killed Jessica
   971 | D:3      | Reached XP level 5. HP: 12/46 MP: 5/5
  1104 | D:2      | Reached skill level 5 in Axes
  1463 | D:2      | Found a runed translucent door.
  1464 | D:2      | Noticed Crazy Yiuf
  1816 | D:2      | Killed Crazy Yiuf
  1862 | D:3      | Noticed Terence
  1874 | D:3      | Killed Terence
  1949 | D:3      | Reached XP level 6. HP: 53/53 MP: 6/6
  1988 | D:3      | Reached skill level 6 in Axes
  2440 | D:4      | Gained mutation: You have hidden genetic defects. [potion
                  | of mutation]
  2440 | D:4      | Gained mutation: You are partially covered in iridescent
                  | scales. (AC +2) [potion of mutation]
  2554 | D:4      | Lost mutation: You have hidden genetic defects. [potion of
                  | mutation]
  2554 | D:4      | Lost mutation: You are partially covered in iridescent
                  | scales. (AC +2) [potion of mutation]
  2554 | D:4      | Gained mutation: You are strong-willed. (Will+) [potion of
                  | mutation]
  2575 | D:4      | HP: 2/53 [gnoll/+0 whip[a gnoll bouda] (1)]
  2587 | D:4      | HP: 1/53 [white imp/puff of frost (4)]
  2588 | D:4      | Killed from afar by a white imp

Illustrated notes

Levels and vault maps discovered:
D:1:      scummos_arrival_gate, layout_basic
D:2:      layout_loops_ring, uniq_crazy_yiuf_cottage, uniq_jessica, uniq_robin
D:3:      layout_rooms, serial_park_tiny_1, chequers_serial_rivers_room_a,
          uniq_terence
D:4:      layout_basic, overflow_temple_1_default, minmay_temple_entry_poolview,
          uniq_natasha

Skill      XL: |  1  2  3  4  5  6 |
---------------+-------------------+-----
Axes           | 3 4 5 6 |  6.4
Fighting       | 4 |  4.6
Armour         | 4 |  4.7
Shields        | |  3.8

Action                     |  1- 3 |  4- 6 || total
---------------------------+-------+-------++-------
  Melee: War axe           |    67 |   176 ||   243
    Use: Scroll            |     4 |     3 ||     7
         Potion            |       |     7 ||     7
 Armour: Scale mail        |    53 |   163 ||   216
  Dodge: Dodged            |    25 |    81 ||   106
  Block: Buckler           |    11 |    35 ||    46

Table legend: (Time is in decaauts)
 A = Elapsed time spent in this place.
 B = Non-inter-level travel time spent in this place.
 C = Inter-level travel time spent in this place.
 D = Time resting spent in this place.
 E = Time spent auto-exploring this place.
 F = Levels seen in this place.
 G = Mean time per level.
                   A        B        C        D        E       F      G
               +--------+--------+--------+--------+--------+-----+--------+
         Total |   2668 |   2607 |     61 |    258 |   1783 |   4 |  667.0 |
       Dungeon |   2668 |   2607 |     61 |    258 |   1783 |   4 |  667.0 |
               +--------+--------+--------+--------+--------+-----+--------+

Top non-repeatable levels by time:
     D:2: 1047 daAuts
     D:1: 730 daAuts
     D:3: 685 daAuts
     D:4: 204 daAuts
